 Dungeon Crawl Stone Soup version 0.18-b1-23-gf76aad1 (webtiles) character file.

4193 Gingerlord the Fighter (level 10, -3/83 HPs)
             Began as a Formicid Abyssal Knight on May 5, 2016.
             Was an Elder of Lugonu.
             Slain by a killer bee (4 damage)
             ... on level 10 of the Dungeon.
             The game lasted 00:19:26 (9233 turns).

Gingerlord the Fighter (Formicid Abyssal Knight)    Turns: 9233, Time: 00:19:27

Health: -3/83      AC: 15    Str: 24    XL:     10   Next: 54%
Magic:  13/15      EV: 12    Int: 12    God:    Lugonu [****..]
Gold:   508        SH:  0    Dex: 13    Spells: 0 memorised, 9 levels left

rFire  . . .     SeeInvis +     u - +5 quarterstaff (chaos)
rCold  . . .     Gourm    .     B - +0 pearl dragon armour
rNeg   + . .     Faith    .     (no shield)
rPois  +         Spirit   .     (helmet unavailable)
rElec  .         Dismiss  .     v - +0 cloak
rCorr  .         Reflect  .     (no gloves)
SustAt .         Harm     .     (no boots)
MR     +....                    (no amulet)
Stlth  ..........               (no ring)
                                A - ring of poison resistance

@: mighty, somewhat resistant to hostile enchantments, extremely unstealthy
A: permanent stasis, dig shafts and tunnels, four strong arms, antennae 3, icy
blue scales 1, strong 1
a: Dig, Shaft Self, Depart the Abyss, Bend Space, Banish, Corrupt, Renounce
Religion


You were on level 10 of the Dungeon.
You worshipped Lugonu.
Lugonu was greatly pleased with you.
You were hungry.

You visited 1 branch of the dungeon, and saw 10 of its levels.
You visited the Abyss 1 time.

You collected 508 gold pieces.

Inventory:

Hand Weapons
 a - a +1 spear
 u - a +5 quarterstaff of chaos (weapon)
Armour
 v - a +0 cloak (worn)
 y - a +0 shield
 B - a +0 pearl dragon armour (worn)
Jewellery
 A - a ring of poison resistance (left hand)
Wands
 z - a wand of lightning (4/15)
Scrolls
 f - 2 scrolls of fog
 m - 6 scrolls of remove curse
 o - 3 scrolls of amnesia {unknown}
 p - 2 scrolls of teleportation {unknown}
 x - a scroll of magic mapping {unknown}
 E - a scroll of holy word {unknown}
Potions
 d - 2 potions of agility
 e - a potion of berserk rage {unknown}
 g - 2 potions of curing
 j - a potion of resistance {unknown}
 k - a potion of ambrosia {unknown}
 l - a potion of cancellation {unknown}
 n - a potion of mutation {unknown}
 q - a potion of invisibility {unknown}
 t - 3 potions of brilliance
 w - a potion of lignification {unknown}
 C - a potion of haste {unknown}
 D - a potion of flight {unknown}
Books
 r - an Akashic Record

   Spells                             Type                      Level
   a - Dispersal                      Translocation                6
   b - Malign Gateway                 Summoning/Translocation      7
   c - Disjunction                    Translocation                8
   d - Controlled Blink               Translocation                8
Comestibles
 c - 4 bread rations
 i - 3 meat rations


   Skills:
 + Level 9.2 Fighting
 - Level 4.6(6.0) Polearms
 + Level 5.9(6.6) Staves
 + Level 6.0 Armour
 + Level 5.3 Dodging
 * Level 3.1 Shields
 + Level 6.7 Invocations


You had 9 spell levels left.
You didn't know any spells.

Dungeon Overview and Level Annotations

Branches:
Dungeon (10/15)            Temple (0/1) D:7
   Lair: D:8-11         Orc: D:9-12

Altars:
Ashenzari
Cheibriados
Fedhas
Gozag
Makhleb
Okawaru
Pakellas
Qazlal
Ru
Sif Muna
Vehumet
The Shining One


Innate Abilities, Weirdness & Mutations

You are under a permanent stasis effect.
You can dig through walls and to a lower floor.
Your four strong arms can wield two-handed weapons with a shield.
You have a pair of large antennae on your head (SInv).
You are partially covered in icy blue scales (AC +1).
Your muscles are strong. (Str +2)


Message History

You are feeling hungry.
The queen bee calls on the killer bee to defend it!
The killer bee goes berserk!
The queen bee calls on the killer bee to defend it!
The killer bee goes berserk!
You hear a shout!
Unknown command.
Okay, then.
You extend your mandibles.
You dig through the rock wall.
The killer bee closely misses you.
The killer bee stings you but does no damage.
The killer bee closely misses you. The killer bee stings you!
* * * LOW HITPOINT WARNING * * *
The killer bee stings you.
* * * LOW HITPOINT WARNING * * *
Unknown command.
You dig through the rock wall.
You hear an angry buzzing noise.
The killer bee stings you.
You die...

### ##@#
#y########
...
#.........
...
#y...####.
.. #§.y##
.. #y.#.#
>####yY###.
......# #%
#.†...# .#.


You could see a yak and 4 killer bees.

Vanquished Creatures
  The ghost of experimilk the Covert, an amateur SpAs of Okawaru (D:5)
  Menkaure (D:6)
  Edmund (D:6)
  2 ice beasts (D:6)
  3 orc warriors
  A sky beast (D:9)
  5 ogres
  3 centaurs
  2 necrophages (D:9)
  A crocodile (D:8)
  7 giant frogs
  2 scorpions (D:8)
  6 killer bees (D:10)
  4 howler monkeys (D:9)
  4 crimson imps
  2 centaur zombies
  8 hounds
  4 orc priests
  A jelly (D:8)
  Crazy Yiuf (D:4)
  A gnoll shaman (D:9)
  3 giant frog skeletons
  An iguana (D:9)
  6 orc wizards
  9 worker ants
  A killer bee zombie (D:6)
  2 worker ant zombies
  A howler monkey skeleton (D:6)
  8 adders
  A white imp (D:4)
  An ooze (D:6)
  An adder skeleton (D:7)
  An adder zombie (D:7)
  3 dart slugs
  A giant gecko (D:1)
  21 orcs
  10 bats
  4 giant cockroaches
  4 goblins (D:2)
  8 hobgoblins
  11 jackals
  A kobold (D:2)
  8 quokkas
  3 ball pythons
  2 giant gecko skeletons (D:5)
  8 giant newts
  A jackal zombie (D:5)
  10 rats
190 creatures vanquished.

Vanquished Creatures (others)
  5 toadstools (D:1)
5 creatures vanquished.

Grand Total: 195 creatures vanquished

Notes
Turn   | Place    | Note
--------------------------------------------------------------
     0 | Abyss:1  | Gingerlord the Formicid Abyssal Knight began the quest for the Orb.
     0 | Abyss:1  | Reached XP level 1. HP: 18/18 MP: 2/2
    29 | Abyss:1  | Found a corrupted altar of Lugonu.
    49 | Abyss:1  | Noticed a thrashing horror
    59 | Abyss:1  | Noticed a sky beast
    61 | D:1      | Escaped the Abyss
   304 | D:1      | Reached XP level 2. HP: 18/24 MP: 3/3
   368 | D:1      | Reached skill level 1 in Dodging
   657 | D:1      | Reached * piety under Lugonu
   791 | D:1      | Reached XP level 3. HP: 3/30 MP: 4/4
   998 | D:1      | Reached skill level 4 in Fighting
  1722 | D:2      | Reached XP level 4. HP: 33/37 MP: 5/5
  2325 | D:3      | Reached XP level 5. HP: 42/42 MP: 6/6
  2620 | D:3      | Found a snail-covered altar of Cheibriados.
  2775 | D:4      | Reached ** piety under Lugonu
  2790 | D:4      | Found a shattered altar of Ashenzari.
  3119 | D:4      | Reached XP level 6. HP: 42/50 MP: 8/8
  3192 | D:4      | Reached skill level 5 in Fighting
  3742 | D:4      | Noticed Crazy Yiuf
  3757 | D:4      | Killed Crazy Yiuf
  3757 | D:4      | Reached XP level 7. HP: 28/56 MP: 9/9
  4128 | D:5      | Entered Level 5 of the Dungeon
  4129 | D:5      | Found a glowing golden altar of the Shining One.
  4552 | D:5      | Noticed experimilk's ghost (amateur SpAs)
  4910 | D:5      | Killed experimilk's ghost
  4910 | D:5      | Reached skill level 6 in Fighting
  4910 | D:5      | Reached XP level 8. HP: 40/64 MP: 9/11
  5481 | D:6      | Noticed Menkaure
  5489 | D:6      | Reached skill level 1 in Staves
  5493 | D:6      | Killed Menkaure
  5793 | D:6      | Reached skill level 7 in Fighting
  5827 | D:6      | Reached XP level 9. HP: 40/72 MP: 12/12
  5848 | D:6      | Reached *** piety under Lugonu
  5962 | D:6      | Reached skill level 5 in Invocations
  5992 | D:6      | Found a burning altar of Makhleb.
  6000 | D:6      | Found a radiant altar of Vehumet.
  6123 | D:6      | Noticed Edmund
  6129 | D:6      | Killed Edmund
  6461 | D:6      | Reached skill level 5 in Armour
  6866 | D:7      | Found a staircase to the Ecumenical Temple.
  6952 | D:7      | Reached skill level 8 in Fighting
  7268 | D:7      | Found a radiant altar of Vehumet.
  8096 | D:8      | Found an oddly glowing altar of Pakellas.
  8099 | D:8      | Found an iron altar of Okawaru.
  8100 | D:8      | Found an opulent altar of Gozag.
  8100 | D:8      | Found a stormy altar of Qazlal.
  8101 | D:8      | Found a sacrificial altar of Ru.
  8102 | D:8      | Found a blossoming altar of Fedhas.
  8175 | D:8      | Reached **** piety under Lugonu
  8175 | D:8      | Reached XP level 10. HP: 82/82 MP: 14/14
  8188 | D:8      | Reached skill level 5 in Staves
  8346 | D:8      | Gained mutation: You are partially covered in icy blue scales (AC +1). [potion of beneficial mutation]
  8347 | D:8      | Gained mutation: Your muscles are strong. (Str +2) [potion of beneficial mutation]
  8659 | D:9      | Reached skill level 5 in Dodging
  8661 | D:9      | Reached skill level 1 in Shields
  8792 | D:9      | Reached skill level 9 in Fighting
  8886 | D:9      | Found a deep blue altar of Sif Muna.
  9188 | D:10     | Entered Level 10 of the Dungeon
  9232 | D:10     | HP: 1/83 [killer bee (5)]
  9233 | D:10     | Slain by a killer bee

Skill      XL: |  1  2  3  4  5  6  7  8  9 10 |
---------------+-------------------------------+-----
Dodging        | 1 2 3 4 5 |  5.3
Fighting       | 4 5 6 7 8 9 |  9.2
Armour         | 3 4 5 6 |  6.0
Polearms       | 3 4 |  4.6
Invocations    | 3 4 6 |  6.7
Staves         | 2 4 5 |  5.9
Shields        | 3 |  3.1

Action                   |  1- 3 |  4- 6 |  7- 9 | 10-12 || total
-------------------------+-------+-------+-------+-------++-------
Melee: Spear             |   103 |   267 |       |       ||   370
       Quarterstaff      |       |       |   237 |   139 ||   376
Invok: Depart the Abyss  |     1 |       |       |       ||     1
       Bend Space        |       |       |     1 |     2 ||     3
 Abil: Dig               |       |       |       |     1 ||     1
  Use: Potion            |       |     1 |       |     4 ||     5
       Scroll            |       |       |     6 |     4 ||    10
 Stab: Confused          |       |       |     3 |       ||     3
       Paralysed         |       |       |     3 |     3 ||     6
       Petrifying        |       |       |     1 |       ||     1
  Eat: Chunk             |     3 |     5 |    11 |     2 ||    21
       Bread ration      |       |     1 |       |       ||     1
       Beef jerky        |       |       |       |     1 ||     1
Armor: Leather armour    |    15 |       |       |       ||    15
       Ring mail         |    17 |    47 |       |       ||    64
       Scale mail        |       |    26 |    88 |       ||   114
       Chain mail        |       |       |    15 |     5 ||    20
       Pearl dragon armo |       |       |       |    67 ||    67
Dodge: Dodged            |    61 |   124 |   134 |    84 ||   403
